Workbook

Sheet Cost center log
A1: COST CENTER RECORD AND CONTROL
A2: Company | F2: Period (month / year)
A3: Record keeper | F3: Warehouse or site
A5: Type the code in column B: the name fills in automatically. Gray columns calculate the line total and the accumulated figures.
A6: Date | B6: Center code | C6: Cost center | D6: Expense type | E6: Description of the usage | F6: Document | G6: Quantity | H6: Unit cost | I6: Total | J6: Notes
C7: =IF(B7="","",IFERROR(VLOOKUP(B7,'Cost centers'!$A$2:$B$21,2,0),"")) | I7: =IF(AND(G7="",H7=""),"",G7*H7)
C8: =IF(B8="","",IFERROR(VLOOKUP(B8,'Cost centers'!$A$2:$B$21,2,0),"")) | I8: =IF(AND(G8="",H8=""),"",G8*H8)
C9: =IF(B9="","",IFERROR(VLOOKUP(B9,'Cost centers'!$A$2:$B$21,2,0),"")) | I9: =IF(AND(G9="",H9=""),"",G9*H9)
C10: =IF(B10="","",IFERROR(VLOOKUP(B10,'Cost centers'!$A$2:$B$21,2,0),"")) | I10: =IF(AND(G10="",H10=""),"",G10*H10)
C11: =IF(B11="","",IFERROR(VLOOKUP(B11,'Cost centers'!$A$2:$B$21,2,0),"")) | I11: =IF(AND(G11="",H11=""),"",G11*H11)
C12: =IF(B12="","",IFERROR(VLOOKUP(B12,'Cost centers'!$A$2:$B$21,2,0),"")) | I12: =IF(AND(G12="",H12=""),"",G12*H12)
C13: =IF(B13="","",IFERROR(VLOOKUP(B13,'Cost centers'!$A$2:$B$21,2,0),"")) | I13: =IF(AND(G13="",H13=""),"",G13*H13)
C14: =IF(B14="","",IFERROR(VLOOKUP(B14,'Cost centers'!$A$2:$B$21,2,0),"")) | I14: =IF(AND(G14="",H14=""),"",G14*H14)
C15: =IF(B15="","",IFERROR(VLOOKUP(B15,'Cost centers'!$A$2:$B$21,2,0),"")) | I15: =IF(AND(G15="",H15=""),"",G15*H15)
C16: =IF(B16="","",IFERROR(VLOOKUP(B16,'Cost centers'!$A$2:$B$21,2,0),"")) | I16: =IF(AND(G16="",H16=""),"",G16*H16)
C17: =IF(B17="","",IFERROR(VLOOKUP(B17,'Cost centers'!$A$2:$B$21,2,0),"")) | I17: =IF(AND(G17="",H17=""),"",G17*H17)
C18: =IF(B18="","",IFERROR(VLOOKUP(B18,'Cost centers'!$A$2:$B$21,2,0),"")) | I18: =IF(AND(G18="",H18=""),"",G18*H18)
... C206: =IF(B206="","",IFERROR(VLOOKUP(B206,'Cost centers'!$A$2:$B$21,2,0),"")) | I206: =IF(AND(G206="",H206=""),"",G206*H206)
A208: Period total | E208: =SUM(I7:I206)

Sheet Cost centers
A1: Code / Cost center name / Monthly budget
A2: Code | B2: Cost center name | C2: Monthly budget | D2: Period accumulated | E2: Available | F2: % used
D3: =SUMIF('Cost center log'!$B$7:$B$206,A3,'Cost center log'!$I$7:$I$206) | E3: =IF(AND(C3="",D3=""),"",C3-D3) | F3: =IF(OR(C3="",C3=0),D3,D3/C3)
D4: =SUMIF('Cost center log'!$B$7:$B$206,A4,'Cost center log'!$I$7:$I$206) | E4: =IF(AND(C4="",D4=""),"",C4-D4) | F4: =IF(OR(C4="",C4=0),D4,D4/C4)
D5: =SUMIF('Cost center log'!$B$7:$B$206,A5,'Cost center log'!$I$7:$I$206) | E5: =IF(AND(C5="",D5=""),"",C5-D5) | F5: =IF(OR(C5="",C5=0),D5,D5/C5)
D6: =SUMIF('Cost center log'!$B$7:$B$206,A6,'Cost center log'!$I$7:$I$206) | E6: =IF(AND(C6="",D6=""),"",C6-D6) | F6: =IF(OR(C6="",C6=0),D6,D6/C6)
D7: =SUMIF('Cost center log'!$B$7:$B$206,A7,'Cost center log'!$I$7:$I$206) | E7: =IF(AND(C7="",D7=""),"",C7-D7) | F7: =IF(OR(C7="",C7=0),D7,D7/C7)
D8: =SUMIF('Cost center log'!$B$7:$B$206,A8,'Cost center log'!$I$7:$I$206) | E8: =IF(AND(C8="",D8=""),"",C8-D8) | F8: =IF(OR(C8="",C8=0),D8,D8/C8)
D9: =SUMIF('Cost center log'!$B$7:$B$206,A9,'Cost center log'!$I$7:$I$206) | E9: =IF(AND(C9="",D9=""),"",C9-D9) | F9: =IF(OR(C9="",C9=0),D9,D9/C9)
D10: =SUMIF('Cost center log'!$B$7:$B$206,A10,'Cost center log'!$I$7:$I$206) | E10: =IF(AND(C10="",D10=""),"",C10-D10) | F10: =IF(OR(C10="",C10=0),D10,D10/C10)
D11: =SUMIF('Cost center log'!$B$7:$B$206,A11,'Cost center log'!$I$7:$I$206) | E11: =IF(AND(C11="",D11=""),"",C11-D11) | F11: =IF(OR(C11="",C11=0),D11,D11/C11)
D12: =SUMIF('Cost center log'!$B$7:$B$206,A12,'Cost center log'!$I$7:$I$206) | E12: =IF(AND(C12="",D12=""),"",C12-D12) | F12: =IF(OR(C12="",C12=0),D12,D12/C12)
D13: =SUMIF('Cost center log'!$B$7:$B$206,A13,'Cost center log'!$I$7:$I$206) | E13: =IF(AND(C13="",D13=""),"",C13-D13) | F13: =IF(OR(C13="",C13=0),D13,D13/C13)
D14: =SUMIF('Cost center log'!$B$7:$B$206,A14,'Cost center log'!$I$7:$I$206) | E14: =IF(AND(C14="",D14=""),"",C14-D14) | F14: =IF(OR(C14="",C14=0),D14,D14/C14)
... D22: =SUMIF('Cost center log'!$B$7:$B$206,A22,'Cost center log'!$I$7:$I$206) | E22: =IF(AND(C22="",D22=""),"",C22-D22) | F22: =IF(OR(C22="",C22=0),D22,D22/C22)

Sheet Instructions
A1: Instructions
A3: What it is for
A4: A cost center is an area, site, project or production line that carries its own expenses, so you know
A5: what it costs to run each one and how it compares with the budget.
A6: This template records every usage with its center, calculates the line total and accumulates per center
A7: on the 'Cost centers' sheet, with available balance and percentage used.
A9: Step by step
A10: 1. Open the 'Cost centers' sheet and type the code, name and monthly budget of each area.
A11: 2. Go back to 'Cost center log' and fill in company, period and who keeps the record.
A12: 3. Record one usage per row: date, center code (dropdown), expense type and description.
A13: 4. Enter quantity and unit cost; the Total column is calculated.
A14: 5. Keep the supporting document (invoice, requisition, internal order) in the Document column.
... A31: Template by Kardex Tauro - kardex-tauro.muisca.co
